 Dungeon Crawl Stone Soup version 0.18.1-5-g4a78601 (webtiles) character file.

4378 st0uf the Basher (level 10, -6/90 HPs)
             Began as a Purple Draconian Berserker on May 14, 2016.
             Was a High Priest of Trog.
             Mangled by a wyvern (8 damage)
             ... on level 9 of the Dungeon.
             The game lasted 00:37:59 (7446 turns).

st0uf the Basher (Purple Draconian Berserker)       Turns: 7446, Time: 00:38:00

Health: -6/90      AC: 13    Str: 31    XL:     10   Next: 13%
Magic:  0/1        EV: 14    Int:  9    God:    Trog [*****.]
Gold:   287        SH:  1    Dex: 10    Spells: 0 memorised, 9 levels left

rFire  . . .     SeeInvis .     a - +2 falchion "Huapamah" {slice, rPois MP-9 Str+9} (curse)
rCold  + . .     Gourm    .     (armour unavailable)
rNeg   . . .     Faith    .     z - -2 buckler
rPois  +         Spirit   +     (helmet restricted)
rElec  .         Dismiss  .     Y - +2 cloak {MR+}
rCorr  .         Reflect  .     r - +1 pair of gloves
SustAt .         Harm     .     q - +0 pair of boots
MR     ++...     Rnd*Tele +     A - amulet of guardian spirit
Stlth  ++........               L - ring of teleportation (curse)
                                c - ring of protection from cold

@: starving, very resistant to hostile enchantments, unstealthy
A: breathe power, unfitting armour, cold-blooded, AC +7
a: Breathe Dispelling Energy, Berserk, Trog's Hand, Brothers in Arms, Burn
Spellbooks, Renounce Religion


You were on level 9 of the Dungeon.
You worshipped Trog.
Trog was extremely pleased with you.
You were starving.

You visited 1 branch of the dungeon, and saw 11 of its levels.
You also visited: Ossuary.

You collected 585 gold pieces.
You spent 298 gold pieces at shops.

Inventory:

Hand Weapons
 a - the cursed +2 falchion "Huapamah" (weapon) {slice, rPois MP-9 Str+9}
   (You found it on level 8 of the Dungeon)

   It inflicts extra damage upon your enemies.
   It affects your strength (+9).
   It protects you from poison.
   It affects your magic capacity (-9).
   It has a curse placed upon it.
 j - a +0 blowgun
 t - a +0 whip of freezing
 E - a +2 morningstar of protection
Missiles
 e - 51 poisoned needles
 i - 7 needles of paralysis
 k - 11 tomahawks (quivered)
 l - 6 needles of confusion
Armour
 q - a +0 pair of boots (worn)
 r - a +1 pair of gloves (worn)
 z - a -2 buckler (worn)
 Y - a +2 cloak of magic resistance (worn)
Jewellery
 c - a ring of protection from cold (left hand)
 A - an amulet of guardian spirit (around neck)
 G - an uncursed ring of resist corrosion
 K - an uncursed ring of ice
 L - a cursed ring of teleportation (right hand)
Wands
 p - a wand of lightning (15/15)
 J - a wand of iceblast (8/15)
Scrolls
 d - 2 scrolls of blinking
 f - a scroll of magic mapping
 o - 7 scrolls of identify
 x - 5 scrolls of immolation
 y - 2 scrolls of holy word
 R - a scroll of recharging
 S - a scroll of teleportation
 X - a scroll of fear {unknown}
Potions
 h - 4 potions of heal wounds {unknown}
 m - 2 potions of lignification {unknown}
 n - a potion of invisibility {unknown}
 v - 2 potions of ambrosia {unknown}
 w - 3 potions of agility {unknown}
 B - a potion of flight
 D - a potion of magic {unknown}
 F - 3 potions of brilliance {unknown}
 M - a potion of resistance {unknown}
 N - a potion of cancellation {unknown}
 P - 2 potions of haste {unknown}
 Q - 3 potions of might {unknown}
 T - a potion of cure mutation {unknown}
 V - a potion of beneficial mutation {unknown}
 W - a potion of degeneration {unknown}
Books
 s - an Akashic Record

   Spells                             Type                      Level
   a - Dispersal                      Translocation                6
   b - Malign Gateway                 Summoning/Translocation      7
   c - Disjunction                    Translocation                8
   d - Controlled Blink               Translocation                8
   Trog disapproves of the use of such an item.
 H - a book of Spatial Translocations

   Spells                             Type                      Level
   a - Apportation                    Translocation                1
   b - Blink                          Translocation                2
   c - Shroud of Golubria             Charms/Translocation         2
   d - Portal Projectile              Translocation                3
   e - Teleport Other                 Translocation                3
   f - Passage of Golubria            Translocation                4
   Trog disapproves of the use of such an item.
 O - a book of Debilitation

   Spells                             Type                      Level
   a - Corona                         Hexes                        1
   b - Slow                           Hexes                        2
   c - Gell's Gravitas                Hexes/Translocation          3
   d - Inner Flame                    Hexes/Fire                   3
   e - Cause Fear                     Hexes                        4
   f - Leda's Liquefaction            Hexes/Earth                  4
   Trog disapproves of the use of such an item.
Comestibles
 b - 6 bread rations
 g - 3 meat rations
 u - a beef jerky
 C - 2 fruits


   Skills:
 + Level 8.4 Fighting
 + Level 1.6 Long Blades
 + Level 8.8 Maces & Flails
 + Level 1.3 Throwing
 + Level 8.8 Dodging
 + Level 3.1 Stealth


You had 9 spell levels left.
You didn't know any spells.

Dungeon Overview and Level Annotations

Branches:
Dungeon (11/15)            Temple (0/1) D:5            Lair (0/8) D:9
    Orc (0/2) D:10

Altars:
Ashenzari
Cheibriados
Dithmenos
Elyvilon
Kikubaaqudgha
Nemelex Xobeh
Ru
Vehumet
Xom
Yredelemnul
The Shining One

Shops:
D:4 ?   D:8 [


Innate Abilities, Weirdness & Mutations

You can breathe bolts of dispelling energy.
Your rich purple scales are hard (AC +7).
Your body does not fit into most forms of armour.
You are cold-blooded and may be slowed by cold attacks.


Message History

Okay, then.
You hit the wyvern.
The wyvern is heavily wounded.
The wyvern barely misses you. The wyvern bites you!
* * * LOW HITPOINT WARNING * * *
You closely miss the wyvern.
The wyvern is heavily wounded.
The wyvern barely misses you. x2
Drink which item? (? for menu, Esc to quit)
Okay, then.
Your shield prevents you from hitting the wyvern.
The wyvern is heavily wounded.
The wyvern bites you!
* * * LOW HITPOINT WARNING * * *
The wyvern closely misses you.
You closely miss the wyvern. You tail-slap the wyvern.
The wyvern is severely wounded.
The wyvern bites you but does no damage.
The wyvern bites you!
You die...

#..# #.# #####......PPPPP
##..###[########..........PPP..
####..†....<....(........†.P..PPP
......####.##..###....†..........
#.....# #.##..# #####...####...P
####### #.##..# #...# #....
#####.##..# #...# ##.##
#.........#######...# #...
#.#.#..#...@l......## ####
####.#.#....#..#####..# #####
#..........###.##.....#####....
###.##.#.##...#...............###
.....#.#.##.#....##.#............
###.##........#..[............##.
#############.##............##.
#.##..#............
......#......>.....


You could see a wyvern.

Vanquished Creatures
  The ghost of dadoka the Cleaver, a novice DgFi (D:9)
  Pikel (D:4)
  A hill giant (D:7)
  A two-headed ogre (D:8)
  The ghost of Zhenya25pyc the Cudgeler, an amateur GrFi of Okawaru (D:4)
  A hungry ghost (D:9)
  Duvessa (D:7)
  An orc warrior (D:9)
  A sky beast (D:7)
  3 ice beasts
  3 ogres
  A centaur (D:7)
  A big kobold (D:8)
  2 giant frogs
  Dowan (D:7)
  2 water moccasin zombies (Ossuary)
  A scorpion (D:8)
  2 howler monkeys
  4 crimson imps
  3 hounds
  A giant frog skeleton (D:7)
  An orc priest (D:10)
  Crazy Yiuf (D:7)
  5 orc wizards
  An iguana (D:6)
  5 worker ants
  A big kobold zombie (Ossuary)
  A hound zombie (D:6)
  Robin (D:2)
  3 mummies
  A howler monkey zombie (D:8)
  10 gnolls
  12 adders
  2 shadow imps
  4 oozes
  10 adder zombies (Ossuary)
  A worm (D:2)
  A dart slug (D:1)
  3 giant geckos
  23 orcs
  7 bats
  8 giant cockroaches
  3 gnoll zombies (Ossuary)
  15 goblins
  10 hobgoblins
  A jackal (D:1)
  2 quokkas
  3 ball pythons (D:3)
  4 giant newts
  3 hobgoblin zombies (Ossuary)
  A jackal zombie (D:8)
  7 kobolds
  7 orc zombies (Ossuary)
  2 quokka zombies
  11 rats
203 creatures vanquished.

Vanquished Creatures (others)
  A crimson imp (D:5)
  A giant gecko (D:8)
  3 orcs (D:5)
5 creatures vanquished.

Grand Total: 208 creatures vanquished

Notes
Turn   | Place    | Note
--------------------------------------------------------------
     0 | D:1      | st0uf the Draconian Berserker began the quest for the Orb.
     0 | D:1      | Reached XP level 1. HP: 19/19 MP: 1/1
   397 | D:1      | Reached XP level 2. HP: 22/26 MP: 2/2
   708 | D:1      | Reached ** piety under Trog
  1094 | D:2      | Reached XP level 3. HP: 11/33 MP: 3/3
  1217 | D:2      | Found a basalt altar of Yredelemnul.
  1323 | D:2      | Found a sacrificial altar of Ru.
  1323 | D:2      | Found a white marble altar of Elyvilon.
  1324 | D:2      | Found a sparkling altar of Nemelex Xobeh.
  1340 | D:2      | Found a faded altar to an unknown god.
  1379 | D:1      | Reached XP level 4. HP: 30/40 MP: 4/4
  1541 | D:2      | Noticed Robin
  1575 | D:2      | Killed Robin
  2284 | D:3      | Reached XP level 5. HP: 42/46 MP: 5/5
  2291 | D:3      | Found an ancient bone altar of Kikubaaqudgha.
  2294 | D:3      | Found a snail-covered altar of Cheibriados.
  2299 | D:3      | Found a shadowy altar of Dithmenos.
  2445 | D:3      | Reached *** piety under Trog
  2552 | D:3      | Noticed an ogre
  2559 | D:3      | Killed an ogre
  2786 | D:4      | Reached XP level 6. HP: 44/53 MP: 6/6
  2859 | D:4      | Noticed Zhenya25pyc's ghost (amateur GrFi)
  2967 | D:4      | Found Guomexkoi's Magic Scroll Boutique.
  3394 | D:4      | Bought a scroll of identify for 20 gold pieces
  3394 | D:4      | Bought a scroll of identify for 20 gold pieces
  3430 | D:4      | Killed Zhenya25pyc's ghost
  3430 | D:4      | Reached skill level 5 in Fighting
  3430 | D:4      | Reached skill level 5 in Maces & Flails
  3430 | D:4      | Reached skill level 5 in Dodging
  3579 | D:5      | Entered Level 5 of the Dungeon
  3581 | D:5      | Found a shimmering altar of Xom.
  3635 | D:5      | Your scales start taking on a rich purple colour.
  3635 | D:5      | Reached XP level 7. HP: 61/61 MP: 7/7
  3692 | D:5      | Found a shattered altar of Ashenzari.
  3716 | D:5      | Noticed Pikel
  3773 | D:4      | Killed Pikel
  3773 | D:4      | Reached XP level 8. HP: 54/70 MP: 5/8
  3803 | D:5      | Found a staircase to the Ecumenical Temple.
  4254 | D:5      | Found a glowing golden altar of the Shining One.
  4578 | D:6      | Reached skill level 1 in Stealth
  4886 | D:6      | Reached **** piety under Trog
  4957 | D:7      | Noticed Dowan
  4958 | D:7      | Noticed Duvessa
  4976 | D:7      | Killed Duvessa
  4991 | D:7      | Killed Dowan
  5310 | D:7      | Reached XP level 9. HP: 78/79 MP: 9/9
  5337 | D:7      | Noticed Crazy Yiuf
  5345 | D:7      | Killed Crazy Yiuf
  5418 | D:7      | Noticed a hill giant
  5423 | D:7      | Killed a hill giant
  5551 | D:8      | Found a sand-covered staircase.
  5564 | Ossuary  | Entered an ossuary
  5675 | Ossuary  | Reached skill level 1 in Throwing
  6137 | D:8      | Found a radiant altar of Vehumet.
  6184 | D:8      | Got a dazzling falchion
  6185 | D:8      | Identified the cursed +2 falchion "Huapamah" {slice, rPois MP-9 Str+9} (You found it on level 8 of the Dungeon)
  6253 | D:8      | Found Voerhaomp's Armour Emporium.
  6261 | D:8      | Bought a +2 cloak of magic resistance for 258 gold pieces
  6699 | D:9      | Noticed dadoka's ghost (novice DgFi)
  6712 | D:9      | Killed dadoka's ghost
  6778 | D:9      | Reached skill level 1 in Long Blades
  6778 | D:9      | Reached XP level 10. HP: 54/89 MP: 1/10
  7154 | D:9      | Found a staircase to the Lair.
  7192 | D:9      | Reached ***** piety under Trog
  7367 | D:9      | You fall through a shaft for 2 floors!
  7372 | D:11     | Noticed a five-headed hydra
  7375 | D:11     | Noticed a deep elf mage
  7398 | D:10     | Entered Level 10 of the Dungeon
  7418 | D:10     | Found a staircase to the Orcish Mines.
  7445 | D:9      | HP: 1/90 [wyvern (12)]
  7446 | D:9      | Mangled by a wyvern

Skill      XL: |  1  2  3  4  5  6  7  8  9 10 |
---------------+-------------------------------+-----
Dodging        | 3 4 5 6 7 8 |  8.8
Fighting       | 4 5 7 8 |  8.4
Maces & Flails | 4 5 6 7 8 |  8.8
Stealth        | 2 3 |  3.1
Throwing       | 1 |  1.3
Long Blades    | 1 |  1.6

Action                   |  1- 3 |  4- 6 |  7- 9 | 10-12 || total
-------------------------+-------+-------+-------+-------++-------
Melee: Mace              |   107 |    79 |       |       ||   186
       Tailslap          |    18 |    13 |    54 |    19 ||   104
       Morningstar       |       |   104 |   278 |       ||   382
       Falchion          |       |       |    39 |    93 ||   132
Throw: Tomahawk          |       |     1 |     7 |       ||     8
Invok: Berserk           |     1 |     3 |     3 |       ||     7
       Trog's Hand       |       |     1 |       |       ||     1
 Abil: Breathe Dispellin |       |       |     2 |       ||     2
  Use: Scroll            |       |    10 |     5 |       ||    15
 Stab: Sleeping          |       |       |     4 |     3 ||     7
  Eat: Chunk             |     1 |    10 |    12 |     1 ||    24
       Pizza             |       |     1 |       |       ||     1
       Fruit             |       |       |     1 |     1 ||     2
       Royal jelly       |       |       |     1 |       ||     1
Armor: Skin              |    25 |    71 |   113 |    46 ||   255
Dodge: Dodged            |    64 |   149 |   188 |   105 ||   506
Block: Buckler           |       |       |     1 |     1 ||     2
